 Dungeon Crawl Stone Soup version 0.29-a0-219-g0a02b1cf4f (webtiles) character file.

Game seed: 8594465111507311843

177 sammy202020 the Skirmisher (level 5, 6/42 HPs)
             Began as a Demonspawn Berserker on Feb 26, 2022.
             Was a Believer of Trog.
             Quit the game on level 3 of the Dungeon.
             The game lasted 00:06:07 (2042 turns).

sammy202020 the Skirmisher (Demonspawn Berserker)   Turns: 2042, Time: 00:06:08

Health: 6/42       AC:  5    Str: 19    XL:     5   Next: 31%
Magic:  5/5        EV: 13    Int:  9    God:    Trog [**....]
Gold:   134        SH:  0    Dex: 18    Spells: 4/4 levels left

rFire   . . .      SeeInvis .   a - +0 mace
rCold   . . .      Faith    .   (no shield)
rNeg    . . .      Spirit   .   b - +0 animal skin
rPois   .          Reflect  .   c - +0 helmet
rElec   .          Harm     .   m - +0 cloak
rCorr   .          Rampage  .   k - +0 pair of gloves
Will    .....                   (no boots)
Stlth   ++........              (no amulet)
HPRegen 0.14/turn               j - +6 ring of dexterity
MPRegen 0.09/turn               (no ring)

@: on berserk cooldown, slowed, very slow
A: demonic magic 1, demonic touch 1
a: Renounce Religion, Berserk, Trog's Hand


You were on level 3 of the Dungeon.
You worshipped Trog.
Trog was pleased with you.
You visited 1 branch of the dungeon, and saw 3 of its levels.

You collected 134 gold pieces.

Inventory:

Hand Weapons
 a - a +0 mace (weapon)
Armour
 b - a +0 animal skin (worn)
 c - a +0 helmet (worn)
 k - a +0 pair of gloves (worn)
 m - a +0 cloak (worn)
Jewellery
 g - a +6 ring of intelligence
 j - a +6 ring of dexterity (left hand)
Wands
 o - a wand of charming (9)
Scrolls
 h - a scroll of vulnerability {unknown}
 l - a scroll of enchant armour {unknown}
 p - a scroll of immolation {unknown}
 q - a scroll of teleportation {unknown}
 r - a scroll of blinking {unknown}
Potions
 d - a potion of might {unknown}
 e - a potion of curing {unknown}
 f - a potion of brilliance {unknown}
 i - 2 potions of magic {unknown}
 n - a potion of mutation {unknown}


   Skills:
 + Level 3.9 Fighting
 + Level 3.5 Maces & Flails
 + Level 2.9 Armour
 + Level 2.9 Dodging


You had 4 spell levels left.
You didn't know any spells.
Your spell library was empty.

Dungeon Overview and Level Annotations

Branches:
Dungeon (3/15)

Altars:

Shops:
D:2 =


Innate Abilities, Weirdness & Mutations

Spells you cast may paralyse adjacent enemies.
Your touch may inflict minor irresistible damage on your foes.


Message History

The black bear closely misses you. The black bear claws you.
The black bear closely misses you.
You sock the black bear!
You touch the black bear.
The black bear is almost dead.
The black bear goes berserk!
You barely miss the black bear.
The black bear is almost dead.
The black bear bites you. The black bear claws you. x2
You sock the black bear!
The black bear is almost dead.
The black bear bites you. The black bear claws you. x2
* * * LOW HITPOINT WARNING * * *
Okay, then.
You closely miss the black bear.
The black bear is almost dead.
The black bear bites you.
* * * LOW HITPOINT WARNING * * *
The black bear claws you but does no damage.
The black bear barely misses you. The black bear bites you.
* * * LOW HITPOINT WARNING * * *
The black bear claws you.
* * * LOW HITPOINT WARNING * * *
The black bear claws you.
* * * LOW HITPOINT WARNING * * *
You thump the black bear!
You kill the black bear!
Trog accepts your kill.
You have reached level 5!
Your demonic ancestry asserts itself...
A menacing aura infuses your magic.
You are too berserk!
Search for what [? for help]? yes Can't find anything matching that.
Unknown command.
You feel a strong urge to attack something.
You are no longer berserk.
You are exhausted.
You feel yourself slow down.
Unknown command.
Are you sure you want to abandon this character and quit the game? (Confirm with "yes".)

#######.#
#.......+
#.#####.# #.#
#@#####+#### ###
#........... ...
#........# ###
#........#
##.......#####.
#.##.........
#.###......######
#>..'..........)†
#####..........##


There were no monsters in sight!

Vanquished Creatures
  A black bear (D:3)
  3 adders
  3 dart slugs
  3 orcs (D:3)
  An endoplasm (D:2)
  3 giant cockroaches (D:1)
  3 goblins
  4 hobgoblins
  4 jackals (D:1)
  2 quokkas (D:1)
  6 ball pythons
  7 bats
  3 frilled lizards
  5 kobolds
  2 rats
50 creatures vanquished.

Notes
Turn   | Place    | Note
-------+----------+-------------------------------------------
     0 | D:1      | sammy202020 the Demonspawn Berserker began the quest for
                  | the Orb.
     0 | D:1      | Reached XP level 1. HP: 18/18 MP: 1/1
   133 | D:1      | Gained mutation: Your touch may inflict minor irresistible
                  | damage on your foes. [demonic ancestry]
   133 | D:1      | Reached XP level 2. HP: 7/24 MP: 2/2
   968 | D:1      | Found a faded altar of an unknown god.
  1093 | D:2      | Found Waec's Jewellery Shoppe.
  1128 | D:2      | Reached XP level 3. HP: 29/29 MP: 3/3
  1251 | D:2      | Reached ** piety under Trog
  1818 | D:3      | Reached XP level 4. HP: 35/35 MP: 4/4
  2027 | D:3      | Noticed a black bear
  2037 | D:3      | Killed a black bear
  2038 | D:3      | Gained mutation: Spells you cast may paralyse adjacent
                  | enemies. [demonic ancestry]
  2038 | D:3      | Reached XP level 5. HP: 8/42 MP: 5/5
  2042 | D:3      | Quit the game

Illustrated notes

Levels and vault maps discovered:
D:1:      psy_arrival_dodecagon, layout_basic, chequers_ecumenical_altar_grove,
          minmay_pentomino_x2
D:2:      layout_loops_ring, serial_shops, shop, nicolae_lakefront_shop,
          minmay_misc_feat_columns
D:3:      layout_basic, roderic_cross_of_infinity

Skill      XL: |  1  2 |
---------------+-------+-----
Armour         | 2 |  2.9
Dodging        | 2 |  2.9
Maces & Flails | 3 |  3.5
Fighting       | |  3.9

Action                   |  1- 3 |  4- 6 || total
-------------------------+-------+-------++-------
Melee: Mace              |   108 |    34 ||   142
       Touch             |    13 |     3 ||    16
Invok: Berserk           |     1 |     1 ||     2
 Stab: Sleeping          |     3 |       ||     3
Armor: Animal skin       |    49 |     7 ||    56
Dodge: Dodged            |   104 |    23 ||   127

Table legend: (Time is in decaauts)
 A = Elapsed time spent in this place.
 B = Non-inter-level travel time spent in this place.
 C = Inter-level travel time spent in this place.
 D = Time resting spent in this place.
 E = Time spent auto-exploring this place.
 F = Levels seen in this place.
 G = Mean time per level.
                   A        B        C        D        E       F      G
               +--------+--------+--------+--------+--------+-----+--------+
         Total |   2078 |   2012 |     66 |      0 |   1376 |   3 |  692.7 |
       Dungeon |   2078 |   2012 |     66 |      0 |   1376 |   3 |  692.7 |
               +--------+--------+--------+--------+--------+-----+--------+

Top non-repeatable levels by time:
     D:1: 1114 daAuts
     D:3: 483 daAuts
     D:2: 480 daAuts
